TOP OF THE 1ST |
Portland Cards batting - Pitching for Greenville 84s : RHP Andrés Vázquez
|
Pitching: RHP Andrés Vázquez
|
|
Batting: LHB Alberto Varela
|
0-0: Called Strike 0-1: Ball 1-1: Ground out 6-3 (Groundball, 6MS)
|
Batting: SHB Giancarlo Giannini
|
0-0: Ball 1-0: Called Strike 1-1: Ball 2-1: Swinging Strike 2-2: Strikes out looking
|
Batting: RHB Mario Beltrán
|
0-0: Foul Ball, location: 2F 0-1: Ball 1-1: Swinging Strike 1-2: Foul Ball, location: 2F 1-2: Strikes out swinging
|
Top of the 1st over - 0 runs, 0 hits, 0 errors, 0 left on base; Portland 0 - Greenville 0 |
BOTTOM OF THE 1ST |
Greenville 84s batting - Pitching for Portland Cards : RHP Víctor Hernández
|
Pitching: RHP Víctor Hernández
|
|
Batting: RHB Carlos Torres
|
0-0: Ball 1-0: Called Strike 1-1: Reached on error, E3 (Groundball, 34S)
|
Batting: LHB Juan Cortés
|
0-0: Called Strike 0-1: Ball 1-1: Ball 2-1: Foul Ball, location: 2F 2-2: Foul Ball, location: 2F 2-2: Foul Ball, location: 2F 2-2: Foul Ball, location: 2F 2-2: 2-RUN HOME RUN (Line Drive, 9LD), Distance : 352 ft
|
Batting: RHB Enzo Díaz
|
0-0: Called Strike 0-1: Swinging Strike 0-2: Ball 1-2: Foul Ball, location: 2F 1-2: Fly out, F8 (Flyball, 8LS)
|
Batting: LHB Brock Larsen
|
0-0: Ball 1-0: Ball 2-0: Foul Ball, location: 2F 2-1: Foul Ball, location: 2F 2-2: Foul Ball, location: 2F 2-2: Foul Ball, location: 2F 2-2: Foul Ball, location: 2F 2-2: Fly out, F5 (Popup, 56)
|
Batting: RHB Ramiro Chávez
|
0-0: Called Strike 0-1: Called Strike 0-2: Fly out, F7 (Flyball, 7LD)
|
Bottom of the 1st over - 2 runs, 1 hit, 1 error, 0 left on base; Portland 0 - Greenville 2 |
TOP OF THE 2ND |
Portland Cards batting - Pitching for Greenville 84s : RHP Andrés Vázquez
|
Batting: RHB Aaron Scott
|
0-0: Ball 1-0: Ball 2-0: Called Strike 2-1: Ground out U3 (Groundball, 3)
|
Batting: RHB Norm Francis
|
0-0: Ball 1-0: Ball 2-0: Foul Ball, location: 2F 2-1: Ground out 6-3 (Groundball, 6)
|
Batting: RHB Peter Hensley
|
0-0: Swinging Strike 0-1: Ball 1-1: SINGLE (Line Drive, 4MD)
|
Batting: RHB Bonifacio Torres
|
0-0: Fielders Choice at 2nd, 6-4 (Groundball, 6)
|
Top of the 2nd over - 0 runs, 1 hit, 0 errors, 1 left on base; Portland 0 - Greenville 2 |
BOTTOM OF THE 2ND |
Greenville 84s batting - Pitching for Portland Cards : RHP Víctor Hernández
|
Batting: RHB Pat Fernández
|
0-0: Foul Ball, location: 2F 0-1: Ball 1-1: Foul Ball, location: 2F 1-2: Foul Ball, location: 2F 1-2: Strikes out swinging
|
Batting: RHB Robert Buckley
|
0-0: DOUBLE (Line Drive, 7LM)
|
Batting: RHB Patrick Potts
|
0-0: Called Strike 0-1: Ground out 5-3 (Groundball, 56)
|
Batting: RHB Gustavo Medine
|
0-0: Called Strike 0-1: Swinging Strike 0-2: Foul Ball, location: 2F 0-2: Foul Ball, location: 2F 0-2: Ball 1-2: Ball 2-2: 2-RUN HOME RUN (Flyball, 7LD), Distance : 359 ft
|
Batting: RHB Carlos Torres
|
0-0: Swinging Strike 0-1: Foul Ball, location: 2F 0-2: Ball 1-2: Foul Ball, location: 2F 1-2: Ball 2-2: Ball 3-2: Foul Ball, location: 2F 3-2: DOUBLE (Line Drive, 7D)
|
Batting: LHB Juan Cortés
|
0-0: Fly out, F4 (Line Drive, 4)
|
Bottom of the 2nd over - 2 runs, 3 hits, 0 errors, 1 left on base; Portland 0 - Greenville 4 |
TOP OF THE 3RD |
Portland Cards batting - Pitching for Greenville 84s : RHP Andrés Vázquez
|
Batting: RHB Júlio Rodríguez
|
0-0: Ball 1-0: Ball 2-0: Called Strike 2-1: Foul Ball, location: 2F 2-2: DOUBLE (Line Drive, 7LM)
|
Batting: RHB Pedro Rivera
|
0-0: Ball 1-0: Called Strike 1-1: Ball 2-1: Foul Ball, location: 2F 2-2: Ball 3-2: Strikes out looking
|
Batting: LHB Alberto Varela
|
0-0: Ball 1-0: Foul Ball, location: 2F 1-1: Ball 2-1: Fly out, F7 (Flyball, 7S)
|
Batting: SHB Giancarlo Giannini
|
0-0: Ball 1-0: Ground out 4-3 (Groundball, 4)
|
Top of the 3rd over - 0 runs, 1 hit, 0 errors, 1 left on base; Portland 0 - Greenville 4 |
BOTTOM OF THE 3RD |
Greenville 84s batting - Pitching for Portland Cards : RHP Víctor Hernández
|
Batting: RHB Enzo Díaz
|
0-0: Called Strike 0-1: Foul Ball, location: 2F 0-2: Ball 1-2: Strikes out swinging
|
Batting: LHB Brock Larsen
|
0-0: Called Strike 0-1: Swinging Strike 0-2: Foul Ball, location: 2F 0-2: Ball 1-2: Ball 2-2: Strikes out swinging
|
Batting: RHB Ramiro Chávez
|
0-0: Called Strike 0-1: Foul Ball, location: 2F 0-2: Strikes out swinging
|
Bottom of the 3rd over - 0 runs, 0 hits, 0 errors, 0 left on base; Portland 0 - Greenville 4 |
TOP OF THE 4TH |
Portland Cards batting - Pitching for Greenville 84s : RHP Andrés Vázquez
|
Batting: RHB Mario Beltrán
|
0-0: Called Strike 0-1: Called Strike 0-2: Ball 1-2: Foul Ball, location: 2F 1-2: Ball 2-2: Foul Ball, location: 2F 2-2: Fly out, F8 (Flyball, 8RS)
|
Batting: RHB Aaron Scott
|
0-0: Called Strike 0-1: Swinging Strike 0-2: Strikes out swinging
|
Batting: RHB Norm Francis
|
0-0: Foul Ball, location: 2F 0-1: Ground out 5-3 (Groundball, 56)
|
Top of the 4th over - 0 runs, 0 hits, 0 errors, 0 left on base; Portland 0 - Greenville 4 |
BOTTOM OF THE 4TH |
Greenville 84s batting - Pitching for Portland Cards : RHP Víctor Hernández
|
Batting: RHB Pat Fernández
|
0-0: Called Strike 0-1: Ball 1-1: Fly out, F8 (Flyball, 8RS)
|
Batting: RHB Robert Buckley
|
0-0: Called Strike 0-1: Swinging Strike 0-2: Strikes out swinging
|
Batting: RHB Patrick Potts
|
0-0: Fly out, F9 (Flyball, 9LMF)
|
Bottom of the 4th over - 0 runs, 0 hits, 0 errors, 0 left on base; Portland 0 - Greenville 4 |
TOP OF THE 5TH |
Portland Cards batting - Pitching for Greenville 84s : RHP Andrés Vázquez
|
Pitching: LHP Raymond Ritchie
|
|
Batting: RHB Peter Hensley
|
0-0: Called Strike 0-1: Swinging Strike 0-2: Ball 1-2: Strikes out swinging
|
Batting: RHB Bonifacio Torres
|
0-0: Called Strike 0-1: Foul Ball, location: 2F 0-2: Ball 1-2: Strikes out swinging
|
Batting: RHB Júlio Rodríguez
|
0-0: SINGLE (Line Drive, 6D)
|
Batting: RHB Pedro Rivera
|
0-0: Ball 1-0: Ball 2-0: Called Strike 2-1: Foul Ball, location: 2F 2-2: SINGLE (Groundball, 15S) (infield hit) Júlio Rodríguez to second
|
Batting: LHB Alberto Varela
|
0-0: Ball 1-0: Ball 2-0: Ball 3-0: Foul Ball, location: 2F 3-1: Called Strike 3-2: Foul Ball, location: 2F 3-2: SINGLE (Groundball, 56) (infield hit) Júlio Rodríguez to third Pedro Rivera to second
|
Batting: SHB Giancarlo Giannini
|
0-0: Ball 1-0: Ground out 3-1 (Groundball, 34S)
|
Top of the 5th over - 0 runs, 3 hits, 0 errors, 3 left on base; Portland 0 - Greenville 4 |
BOTTOM OF THE 5TH |
Greenville 84s batting - Pitching for Portland Cards : RHP Víctor Hernández
|
Pitching: RHP Joe Bailey
|
|
Batting: RHB Gustavo Medine
|
0-0: Called Strike 0-1: DOUBLE (Flyball, 89D)
|
Batting: RHB Carlos Torres
|
0-0: Swinging Strike 0-1: Foul Ball, location: 2F 0-2: Strikes out swinging
|
Batting: LHB Juan Cortés
|
0-0: Ball 1-0: SINGLE (Line Drive, 7S) Gustavo Medine to third Runner from 3rd tries for Home, SAFE, no throw
|
Batting: RHB Enzo Díaz
|
0-0: Called Strike 0-1: Fly out, F8 (Flyball, 89S)
|
Batting: LHB Brock Larsen
|
0-0: Fielders Choice at 2nd, 5-4 (Groundball, 5)
|
Bottom of the 5th over - 1 run, 2 hits, 0 errors, 1 left on base; Portland 0 - Greenville 5 |
TOP OF THE 6TH |
Portland Cards batting - Pitching for Greenville 84s : LHP Raymond Ritchie
|
Batting: RHB Mario Beltrán
|
0-0: Ball 1-0: Swinging Strike 1-1: Foul Ball, location: 2F 1-2: Ball 2-2: Foul Ball, location: 2F 2-2: Fly out, F9 (Flyball, 9LMF)
|
Batting: RHB Aaron Scott
|
0-0: Ball 1-0: Ball 2-0: Foul Ball, location: 2F 2-1: Ball 3-1: Ground out 5-3 (Groundball, 56)
|
Batting: RHB Norm Francis
|
0-0: Ball 1-0: Foul Ball, location: 2F 1-1: Swinging Strike 1-2: Ball 2-2: Foul Ball, location: 2F 2-2: Ball 3-2: Foul Ball, location: 2F 3-2: Foul Ball, location: 2F 3-2: Base on Balls
|
Batting: RHB Peter Hensley
|
0-0: Ball 1-0: Called Strike Norm Francis is caught stealing 2nd base
|
Top of the 6th over - 0 runs, 0 hits, 0 errors, 0 left on base; Portland 0 - Greenville 5 |
BOTTOM OF THE 6TH |
Greenville 84s batting - Pitching for Portland Cards : RHP Joe Bailey
|
Batting: RHB Ramiro Chávez
|
0-0: Ball 1-0: Called Strike 1-1: Ball 2-1: Ball 3-1: Foul Ball, location: 2F 3-2: Base on Balls
|
Batting: RHB Pat Fernández
|
0-0: Grounds into double play, 5-4-3 (Groundball, 5L)
|
Pitching: RHP Eusébio Lagarto
|
|
Batting: RHB Robert Buckley
|
0-0: Ball 1-0: Called Strike 1-1: Ball 2-1: Ball 3-1: Foul Ball, location: 2F 3-2: Foul Ball, location: 2F 3-2: Strikes out looking and he ARGUES THE CALL AND IS TOSSED!
|
Bottom of the 6th over - 0 runs, 0 hits, 0 errors, 0 left on base; Portland 0 - Greenville 5 |
TOP OF THE 7TH |
Portland Cards batting - Pitching for Greenville 84s : LHP Raymond Ritchie
|
Now at 2B: Mario Cornelo
|
|
Batting: RHB Peter Hensley
|
0-0: Ball 1-0: Ground out 5-3 (Groundball, 5)
|
Batting: RHB Bonifacio Torres
|
0-0: Foul Ball, location: 2F 0-1: Ball 1-1: Fly out, F7 (Line Drive, 78M)
|
Batting: RHB Júlio Rodríguez
|
0-0: Ball 1-0: Ball 2-0: Called Strike 2-1: Swinging Strike 2-2: Strikes out swinging
|
Top of the 7th over - 0 runs, 0 hits, 0 errors, 0 left on base; Portland 0 - Greenville 5 |
BOTTOM OF THE 7TH |
Greenville 84s batting - Pitching for Portland Cards : RHP Eusébio Lagarto
|
Batting: RHB Patrick Potts
|
0-0: Fly out, F7 (Line Drive, 78D)
|
Batting: RHB Gustavo Medine
|
0-0: Swinging Strike 0-1: Ground out 5-3 (Groundball, 5L)
|
Batting: RHB Carlos Torres
|
0-0: Foul Ball, location: 2F 0-1: Ball 1-1: Called Strike 1-2: Ground out 6-3 (Groundball, 6S)
|
Bottom of the 7th over - 0 runs, 0 hits, 0 errors, 0 left on base; Portland 0 - Greenville 5 |
TOP OF THE 8TH |
Portland Cards batting - Pitching for Greenville 84s : LHP Raymond Ritchie
|
Batting: RHB Pedro Rivera
|
0-0: Called Strike 0-1: Ball 1-1: Ground out 5-3 (Groundball, 56S)
|
Pinch Hitting: LHB Jeff Daniels
|
0-0: Foul Ball, location: 2F 0-1: Ball 1-1: Ball 2-1: Foul Ball, location: 2F 2-2: Ground out 6-3 (Groundball, 6)
|
Pinch Hitting: RHB Jared Thompson
|
0-0: Called Strike 0-1: Ball 1-1: Called Strike 1-2: Ground out 5-3 (Groundball, 56)
|
Top of the 8th over - 0 runs, 0 hits, 0 errors, 0 left on base; Portland 0 - Greenville 5 |
BOTTOM OF THE 8TH |
Greenville 84s batting - Pitching for Portland Cards : RHP Eusébio Lagarto
|
Now at 2B: Jared Thompson
|
|
Now at SS: Jesús Gutiérrez
|
|
Batting: LHB Juan Cortés
|
0-0: Ball 1-0: Fly out, F3 (Popup, 3F)
|
Batting: RHB Enzo Díaz
|
0-0: Ground out 5-3 (Groundball, 56)
|
Batting: LHB Brock Larsen
|
0-0: Ball 1-0: Foul Ball, location: 2F 1-1: Ball 2-1: Ball 3-1: Fly out, F6 (Popup, 6)
|
Bottom of the 8th over - 0 runs, 0 hits, 0 errors, 0 left on base; Portland 0 - Greenville 5 |
TOP OF THE 9TH |
Portland Cards batting - Pitching for Greenville 84s : LHP Raymond Ritchie
|
Pitching: RHP Renaldo Quilh
|
|
Batting: LHB Paul Mullins
|
0-0: Called Strike 0-1: Ball 1-1: Called Strike 1-2: Ball 2-2: Strikes out swinging
|
Pinch Hitting: LHB Chance Santry
|
0-0: Foul Ball, location: 2F 0-1: Called Strike 0-2: Strikes out swinging
|
Pinch Hitting: LHB Jeff Forsyth
|
0-0: Foul Ball, location: 2F 0-1: Ball 1-1: Ball 2-1: Foul Ball, location: 2F 2-2: Ball 3-2: Base on Balls
|
Pinch Hitting: SHB Felipe Castro
|
0-0: Ball 1-0: Foul Ball, location: 2F 1-1: Ground out U3 (Groundball, 34)
|
Top of the 9th over - 0 runs, 0 hits, 0 errors, 1 left on base; Portland 0 - Greenville 5 |
|